 Dungeon Crawl Stone Soup version bcrawl-1.39.1 (webtiles) character file.

Game seed: 17595336148046611300

125195 Finalfun the Ducker (level 4, -10/37 HPs)
             Began as a Minotaur Archaeologist on Sept 26, 2023.
             Killed by divine providence
             ... invoked by an orc priest
              (11 damage)
             ... on level 3 of the Dungeon.
             The game lasted 00:03:20 (2114 turns).

Finalfun the Ducker (Minotaur Archaeologist)        Turns: 2114, Time: 00:03:20

Health: -10/37     AC: 14    Str: 17    XL:     4   Next: 38%
Magic:  3/3        EV:  8    Int: 11    God:
Gold:   316        SH:  0    Dex:  8    Spells: 3/3 levels left

rFire    . . .     GDR:     22% v - +1 short sword (speed)
rCold    . . .     SeeInvis .   (no shield)
rNeg     . . .     Gourm    .   j - +0 chain mail
rPois    .         Faith    .   d - +1 hat
rElec    .         Spirit   .   m - +0 cloak
rCorr    .         Reflect  .   r - +0 pair of gloves
MR       .....                  s - +1 pair of boots
Stlth    ..........             (no amulet)
HPRegen  0.16/turn              (no ring)
MPRegen  0.08/turn              (no ring)

@: swift, flying, very quick
A: retaliatory headbutt, horns 2
a: no special abilities


You were on level 3 of the Dungeon.
You were not hungry.

You visited 1 branch of the dungeon, and saw 3 of its levels.

You collected 316 gold pieces.

Inventory:

Hand Weapons
 b - a +0 blowgun
 v - a +1 short sword of speed (weapon)
Missiles
 f - 6 curare-tipped needles
 l - 104 poisoned needles
 o - 631 stones (quivered)
Armour
 d - a +1 hat (worn)
 j - a +0 chain mail (worn)
 m - a +0 cloak (worn)
 r - a +0 pair of gloves (worn)
 s - a +1 pair of boots (worn)
Scrolls
 c - a scroll of remove curse
 g - 2 scrolls of revelation
 i - 2 scrolls of identify
 k - a scroll of enchant weapon {unknown}
 n - a scroll of amnesia {unknown}
 t - 2 scrolls of teleportation {unknown}
 u - 3 scrolls of fear {unknown}
 x - a scroll of blinking {unknown}
Potions
 p - a potion of agility {unknown}
 q - a potion of flight
 w - a potion of curing {unknown}
Miscellaneous
 h - a dusty tome
Comestibles
 e - 4 rations {!d}


   Skills:
 + Level 2.9 Fighting
   Level 1.2 Maces & Flails
 + Level 2.4 Armour
 + Level 4.2 Dodging
 - Level 3.0 Stealth


You had 3 spell levels left.
You didn't know any spells.
Your spell library was empty.

Dungeon Overview and Level Annotations

Branches:
Dungeon (3/12)

Altars:
Fedhas


Innate Abilities, Weirdness & Mutations

You reflexively headbutt those who attack you in melee.
You have a pair of horns on your head.


Message History

The orc priest is lightly wounded.
The orc priest closely misses you.
You hit the orc priest.
The orc priest is moderately wounded.
The orc hits you with a +0 war axe!
* * * LOW HITPOINT WARNING * * *
It was a potion of flight.
You feel very buoyant.
You fly up into the air.
The orc priest calls down the wrath of Beogh upon you.
Pain shoots through your body!
* * * LOW HITPOINT WARNING * * *
The orc hits you but does no damage.
You hit the orc priest.
The orc priest is severely wounded.
You hit the orc priest but do no damage.
The orc priest is severely wounded.
The orc priest mumbles some strange prayers to Beogh against you.
Beogh smites you!
You die...

#o# #..# #.###.## #.#
#..###########.# #.# #.##
#..............# #.# ##.###
#.############## #.# ##.##.###.#
####### ##.##
#....#.##.######.....####.#.#
#....###..................###.
#...## ##..#......####.###.#..
#.... ##.#..o@.)).####.####.##
..#... #.....o..)..............
.##.###..#####.....#############
. .. .## #.....# ### . #######


You could see an orc priest and an orc.

Vanquished Creatures
  2 adders
  A worm (D:3)
  5 dart slugs
  2 leopard geckos
  4 orcs (D:3)
  2 giant cockroaches
  5 goblins
  8 hobgoblins
  3 jackals (D:1)
  3 quokkas
  9 bats
  A frilled lizard (D:2)
  7 kobolds
  A rat (D:1)
53 creatures vanquished.

Notes
Turn   | Place    | Note
-------+----------+-------------------------------------------
     0 | D:1      | Finalfun the Minotaur Archaeologist began the quest for the
                  | Orb.
     0 | D:1      | Reached XP level 1. HP: 16/16 MP: 0/0
   124 | D:1      | Reached XP level 2. HP: 23/23 MP: 1/1
   318 | D:1      | Reached skill level 1 in Armour
   767 | D:2      | Reached XP level 3. HP: 29/29 MP: 2/2
  1668 | D:3      | Reached skill level 4 in Dodging
  1694 | D:3      | Reached XP level 4. HP: 22/37 MP: 3/3
  1839 | D:3      | Found a blossoming altar of Fedhas.
  2112 | D:3      | HP: 1/37 [orc priest/nerve-wracking pain (3)]
  2114 | D:3      | Killed from afar by an orc priest

Skill      XL: |  1  2  3 |
---------------+----------+-----
Stealth        | 3 |  3.0
Armour         | 1 2 |  2.4
Fighting       | 2 |  2.9
Dodging        | 4 |  4.2
Maces & Flails | |  1.2

Action                   |  1- 3 |  4- 6 || total
-------------------------+-------+-------++-------
Melee: Whip              |   148 |    16 ||   164
       Headbutt          |    16 |     4 ||    20
       Short sword       |       |    24 ||    24
Throw: Stone             |     8 |       ||     8
  Use: Scroll            |     2 |       ||     2
       Potion            |       |     1 ||     1
  Eat: Chunk             |     7 |     2 ||     9
Armor: Chain mail        |   112 |    14 ||   126
Dodge: Dodged            |    55 |    11 ||    66
